 Dungeon Crawl Stone Soup version 0.25.1-2-g60ff931df9 (webtiles) character file.

Game seed: 14015206828092393665

14688 DerDa the Arsonist (level 11, -1/91 HPs)
             Began as a Grey Draconian Fire Elementalist on Oct 2, 2020.
             Was a Priest of Sif Muna.
             Killed from afar by a deep elf mage (21 damage)
             ... with a lance of force
             ... on level 14 of the Dungeon.
             The game lasted 00:37:27 (12894 turns).

DerDa the Arsonist (DrFE)                          Turns: 12894, Time: 00:37:28

Health: -1/91      AC: 13    Str: 10    XL:     11   Next: 92%
Magic:  6/23       EV: 14    Int: 20    God:    Sif Muna [***...]
Gold:   1630       SH:  0    Dex: 11    Spells: 14/27 levels left

rFire    . . .     SeeInvis .   n - +3 scimitar (freeze)
rCold    . . .     Gourm    .   (no shield)
rNeg     . . .     Faith    .   (armour unavailable)
rPois    .         Spirit   .   (helmet restricted)
rElec    .         Reflect  .   h - +0 cloak
rCorr    .         Harm     .   (no gloves)
MR       .....                  (no boots)
Stlth    ++........             a - amulet of magic regeneration
HPRegen  0.25/turn              w - ring of wizardry
MPRegen  0.43/turn              I - ring of wizardry

@: studying Translocations
A: walk through water, unfitting armour, unbreathing, cold-blooded, AC +12
a: Channel Magic, Forget Spell, Renounce Religion


You were on level 14 of the Dungeon.
You worshipped Sif Muna.
Sif Muna was most pleased with you.
You were near starving.

You visited 2 branches of the dungeon, and saw 13 of its levels.

You collected 1726 gold pieces.
You spent 96 gold pieces at shops.

Inventory:

Hand Weapons
 f - a +1 halberd of venom
 n - a +3 scimitar of freezing (weapon)
 J - a +0 spear of venom
Missiles
 d - 319 stones (quivered)
 g - 49 poisoned darts
Armour
 h - a +0 cloak (worn)
 K - a +0 kite shield
Magical Staves
 S - an uncursed staff of fire
Jewellery
 a - an amulet of magic regeneration (around neck)
 w - a ring of wizardry (left hand)
 G - an uncursed ring of protection from magic
 H - an uncursed ring of positive energy
 I - a ring of wizardry (right hand)
 T - an uncursed ring of ice
 W - an uncursed ring of positive energy
Wands
 C - a wand of paralysis (3)
 L - a wand of flame (1)
 O - a wand of acid (6)
Scrolls
 e - 8 scrolls of fog
 j - 3 scrolls of magic mapping
 k - 6 scrolls of remove curse
 o - 3 scrolls of amnesia
 p - a scroll of teleportation
 q - 3 scrolls of enchant weapon
 s - 2 scrolls of immolation
 t - 4 scrolls of random uselessness {unknown}
 v - 2 scrolls of noise {unknown}
 x - 2 scrolls of enchant armour {unknown}
 A - 3 scrolls of fear
 M - a scroll of vulnerability
 P - a scroll of summoning
Potions
 c - 6 potions of curing
 i - a potion of invisibility {unknown}
 l - 4 potions of haste
 r - 4 potions of might
 u - 2 potions of heal wounds
 z - 2 potions of berserk rage {unknown}
 B - a potion of mutation {unknown}
 D - 3 potions of degeneration {unknown}
 N - a potion of flight {unknown}
 Q - a potion of brilliance
 Y - a potion of ambrosia {unknown}
Books
 y - a manual of Translocations
Comestibles
 b - 31 rations


   Skills:
 * Level 6.7 Fighting
 * Level 5.8 Dodging
 - Level 1.7 Stealth
 * Level 8.8 Spellcasting
 * Level 9.2 Conjurations
 + Level 5.8 Translocations
 * Level 9.8 Fire Magic
 + Level 4.3 Invocations
 + Level 3.8 Evocations


You had 14 spell levels left.
You knew the following spells:

 Your Spells              Type           Power        Failure   Level  Hunger
a - Foxfire               Conj/Fire      ####         1%          1    None
b - Conjure Flame         Conj/Fire      #####...     1%          3    None
c - Sticky Flame          Conj/Fire      #####...     1%          4    ###....
d - Fireball              Conj/Fire      #####.....   1%          5    #####..

Your spell library contained the following spells:

 Spells                   Type           Power        Failure   Level  Hunger
 Dazzling Flash           Conj/Hex       ####..       1%          3    None
 Inner Flame              Hex/Fire       ####....     1%          3    None
 Beastly Appendage        Tmut           #.....       2%          1    None
 Corona                   Hex            #......      2%          1    None
 Corpse Rot               Necr/Air       N/A          3%          2    None
 Ensorcelled Hibernation  Hex/Ice        #.....       3%          2    None
 Sticks to Snakes         Tmut           #.......     3%          2    None
 Sublimation of Blood     Necr           #.........   3%          2    None
 Confusing Touch          Hex            #.......     7%          3    None
 Spider Form              Tmut/Pois      #.........   7%          3    None
 Tukima's Dance           Hex            #.......     7%          3    None
 Dispel Undead            Necr           #.......     21%         4    ###....
 Ice Form                 Ice/Tmut       #.......     21%         4    ###....
 Agony                    Necr           #.......     45%         5    #####..
 Blade Hands              Tmut           #.........   45%         5    #####..
 Excruciating Wounds      Chrm/Necr      #.........   45%         5    #####..


Dungeon Overview and Level Annotations

Branches:
Dungeon (10/15)            Temple (1/1) D:7
   Lair: D:8-11         Orc: D:9-12

Altars:
Ashenzari
Cheibriados
Dithmenos
Elyvilon
Fedhas
Gozag
Hepliaklqana
Kikubaaqudgha
Makhleb
Nemelex Xobeh
Okawaru
Qazlal
Ru
Sif Muna
Trog
Uskayaw
Vehumet
Wu Jian
Xom
Yredelemnul
Zin
The Shining One

Shops:
D:6 !


Innate Abilities, Weirdness & Mutations

You can walk through water.
Your dull iron-grey scales are very hard. (AC +12)
You cannot fit into any form of body armour.
You can survive without breathing.
You are cold-blooded and may be slowed by cold attacks.


Message History

Items here: ( ††† 2 arrows; a yak corpse; a vampire mosquito corpse; a yak corpse The deep elf mage closely misses you.
You see here a robe.
Casting: Sticky Flame (safe; 1% risk of failure)
Confirm with . or Enter, or press ? or * to list all spells.
Aiming: Sticky Flame (safe; 1% risk of failure)
Press: ? - help, Shift-Dir - straight line, f - deep elf mage
Aim: a deep elf mage, wielding a +0 antimagic short sword The sticky flame hits the deep elf mage.
The deep elf mage is lightly wounded.
The deep elf mage is covered in liquid flames!
The deep elf mage burns!
The deep elf mage hits you but does no damage.
You closely miss the deep elf mage.
The deep elf mage is moderately wounded.
The deep elf mage burns!
The deep elf mage barely misses you.
The deep elf mage gestures at you while chanting.
The lance of force hits you!!
You die...

#.# #/## #.#
#.# #.# ## #.#
#.# #(#
#(############
#.)((........#
#####@.......#
#e.###...#
##.# ......
#.# (:.## #..
.Y.Y. #.##
.... #.# .(..
..


You could see a deep elf mage (burning).

Vanquished Creatures
  A vault guard (D:14)
  5 two-headed ogres
  A centaur warrior (D:14)
  An ugly thing (D:9)
  A troll (D:5)
  A hornet (D:9)
  3 hippogriffs
  A wraith (D:9)
  4 hogs (D:9)
  A human (D:9)
  6 yaks
  Grum (D:9)
  2 vampire mosquitoes (D:14)
  3 water moccasins
  A hornet zombie (D:8)
  5 orc warriors
  3 ice beasts
  3 sky beasts
  2 phantoms
  2 eyes of draining (D:9)
  2 necrophages (D:9)
  4 ogres
  3 black bears (D:9)
  3 wolves
  3 centaurs
  A crocodile (D:10)
  6 bullfrogs
  A gnoll sergeant (D:9)
  6 scorpions
  A killer bee (D:9)
  5 wights (D:14)
  9 howler monkeys
  7 crimson imps
  A bullfrog zombie (D:9)
  2 quasits
  A gnoll shaman (D:5)
  10 orc wizards
  13 hounds
  8 orc priests
  A jelly (D:9)
  2 centaur skeletons
  Terence (D:2)
  5 iguanas
  10 worker ants
  2 killer bee zombies
  A hound skeleton (D:10)
  2 worker ant zombies (D:9)
  10 gnolls
  6 adders
  A worker ant simulacrum (D:9)
  2 oozes
  2 adder skeletons
  2 dart slugs
  A leopard gecko (D:9)
  46 orcs
  6 giant cockroaches
  5 goblins
  7 hobgoblins
  11 jackals
  8 kobolds
  4 quokkas
  5 bats
  5 frilled lizards
  A leopard gecko skeleton (D:5)
  2 leopard gecko zombies
  2 quokka skeletons
  6 rats
  A bush (D:9)
290 creatures vanquished.

Vanquished Creatures (others)
  684 foxfires
684 creatures vanquished.

Grand Total: 974 creatures vanquished

Notes
Turn   | Place    | Note
-------+----------+-------------------------------------------
     0 | D:1      | DerDa the Draconian Fire Elementalist began the quest for
                  | the Orb.
     0 | D:1      | Reached XP level 1. HP: 14/14 MP: 3/3
   167 | D:1      | Reached XP level 2. HP: 20/20 MP: 3/5
   614 | D:1      | Reached XP level 3. HP: 25/26 MP: 3/6
  1005 | D:2      | Found a sparkling altar of Nemelex Xobeh.
  1056 | D:2      | Learned a level 3 spell: Conjure Flame
  1065 | D:2      | Noticed Terence
  1075 | D:2      | Killed Terence
  1075 | D:2      | Reached XP level 4. HP: 19/33 MP: 2/8
  1295 | D:2      | Found a sparkling altar of Nemelex Xobeh.
  1599 | D:2      | Found a glowing silver altar of Zin.
  2193 | D:3      | Reached XP level 5. HP: 38/38 MP: 7/9
  2586 | D:4      | Reached XP level 6. HP: 30/45 MP: 9/11
  3136 | D:4      | Reached skill level 5 in Fire Magic
  3320 | D:4      | Your scales start taking on a dull iron-grey colour.
  3320 | D:4      | Reached XP level 7. HP: 50/50 MP: 10/13
  3320 | D:4      | Gained mutation: You can survive without breathing. [Grey
                  | Draconian growth]
  3333 | D:4      | Found a radiant altar of Vehumet.
  3866 | D:5      | Entered Level 5 of the Dungeon
  3885 | D:5      | Learned a level 4 spell: Sticky Flame
  3891 | D:5      | Learned a level 5 spell: Fireball
  3920 | D:5      | Found a glowing golden altar of the Shining One.
  4025 | D:5      | Found an ornate altar of the Wu Jian Council.
  4084 | D:5      | HP: 2/50 [water moccasin (1)]
  4423 | D:5      | Noticed a hippogriff
  4435 | D:5      | Reached skill level 5 in Conjurations
  4437 | D:5      | Killed a hippogriff
  4437 | D:5      | Reached skill level 5 in Spellcasting
  4437 | D:5      | Reached XP level 8. HP: 28/57 MP: 3/15
  4721 | D:5      | Noticed a troll
  4729 | D:5      | Killed a troll
  6044 | D:6      | Found an iron altar of Okawaru.
  6183 | D:6      | Found Ygguqyopn's Distillery.
  6192 | D:6      | Bought a potion of heal wounds for 60 gold pieces
  6192 | D:6      | Bought a potion of curing for 36 gold pieces
  6211 | D:6      | Reached XP level 9. HP: 62/62 MP: 14/18
  6242 | D:6      | Found a burning altar of Makhleb.
  6380 | D:6      | Found a stormy altar of Qazlal.
  6754 | D:7      | Reached skill level 1 in Fighting
  6754 | D:7      | Reached skill level 1 in Translocations
  6776 | D:7      | Found a staircase to the Ecumenical Temple.
  6784 | Temple   | Entered the Ecumenical Temple
  7018 | Temple   | Became a worshipper of Sif Muna the Loreminder
  7096 | D:7      | Noticed a two-headed ogre
  7112 | D:7      | Killed a two-headed ogre
  7112 | D:7      | Reached skill level 1 in Invocations
  7112 | D:7      | Reached skill level 1 in Evocations
  8236 | D:8      | Reached * piety under Sif Muna
  8236 | D:8      | Reached XP level 10. HP: 77/77 MP: 14/20
  8695 | D:8      | Found a glowing silver altar of Zin.
  8749 | D:9      | Found a bloodstained altar of Trog.
  8781 | D:9      | Noticed Grum
  8954 | D:9      | Killed Grum
  9792 | D:9      | Reached ** piety under Sif Muna
  9890 | D:9      | Noticed a two-headed ogre
  9895 | D:9      | Killed a two-headed ogre
  9899 | D:9      | Noticed a white ugly thing
  9968 | D:9      | Killed a white ugly thing
 10354 | D:9      | Noticed a two-headed ogre
 10368 | D:9      | Killed a two-headed ogre
 10368 | D:9      | Reached skill level 5 in Fighting
 10368 | D:9      | Reached XP level 11. HP: 46/86 MP: 2/23
 10728 | D:9      | Noticed a two-headed ogre
 10735 | D:9      | Killed a two-headed ogre
 10745 | D:9      | Reached skill level 5 in Dodging
 11319 | D:9      | Reached skill level 5 in Translocations
 11934 | D:10     | Entered Level 10 of the Dungeon
 12091 | D:10     | Reached *** piety under Sif Muna
 12091 | D:10     | Noticed a two-headed ogre
 12108 | D:10     | Killed a two-headed ogre
 12495 | D:10     | You fall into a shaft and drop 1 floor!
 12498 | D:11     | You fall into a shaft and drop 3 floors!
 12558 | D:14     | Noticed a vault guard
 12576 | D:14     | Killed a vault guard
 12600 | D:14     | Noticed a centaur warrior
 12614 | D:14     | Killed a centaur warrior
 12891 | D:14     | Noticed a deep elf mage
 12894 | D:14     | Killed from afar by a deep elf mage

Illustrated notes

Levels and vault maps discovered:
D:1:      nzn_arrival_crosshair, layout_loops_ring,
          chequers_serial_rivers_small_a, minmay_pentomino_s2
D:2:      layout_basic, nemelex_xobeh_ov_fountains_minmay, zin_scriptorium,
          first_ration, serial_bayou_lagoon_a, nemelex_diamond_rough_becter,
          uniq_terence
D:3:      layout_basic
D:4:      layout_loops_corners, lemuel_crystal_altar
D:5:      layout_cave_pods, tso_altar, kennysheep_mini, minmay_manual_maat
D:6:      layout_cave_pools, kennysheep_mini_moat,
          nicolae_qazlal_eye_of_the_storm, serial_shops, shop,
          makhleb_heckhound_becter
D:7:      layout_basic, minmay_temple_entry_grid, hangedman_decor_push
D:8:      layout_cave_pods, serial_column_ruins, column_ruins_hut_ruined,
          column_ruins_temple_hut, column_ruins_grid_1, column_ruins_open_tiny,
          column_ruins_corridor_straight, column_ruins_grid_4,
          column_ruins_open_tiny, column_ruins_open_small,
          column_ruins_corridor_water, lightli_orcish_oven
D:9:      minmay_the_grid_square_5x5_4x4
          [minmay_the_grid_square_5x5_beaten_path,
          minmay_the_grid_square_5x5_minibox,
          minmay_the_grid_square_5x5_dogpile,
          minmay_the_grid_square_5x5_three_walls,
          minmay_the_grid_square_5x5_pentomino_r,
          minmay_the_grid_square_5x5_prize_gold,
          minmay_the_grid_square_5x5_prize_junk,
          minmay_the_grid_square_5x5_plus, minmay_the_grid_square_5x5_shuriken,
          minmay_the_grid_square_5x5_prize_pseudospiral,
          minmay_the_grid_square_5x5_prize_snowflake,
          minmay_the_grid_square_5x5_half_checkered,
          minmay_the_grid_square_5x5_hourglass,
          minmay_the_grid_square_5x5_two_small, minmay_the_grid_square_5x5_tie,
          minmay_the_grid_square_5x5_hollow_slash], layout_layer_cave,
          trog_ov_bears_minmay, grunt_livestock, kennysheep_boxes, uniq_grum
D:10:     layout_irregular_city, kennysheep_orc_monster_closet_entryway,
          ebering_ghost_funeral_grove, uniq_nergalle
D:11:     layout_basic, david_lair_generic, gammafunk_ghost_grave,
          grunt_decor_fettered, minmay_three_doors
D:14:     layout_loops_ring, david_vaults_5, uniq_louise
Temple:   minmay_temple_curvy_branch

Skill      XL: |  1  2  3  4  5  6  7  8  9 10 11 |
---------------+----------------------------------+-----
Conjurations   | 2 3 4 5 6 7 8 9 |  9.2
Spellcasting   | 3 4 5 6 7 8 |  8.8
Fire Magic     | 4 5 6 7 8 9 |  9.8
Dodging        | 3 4 5 |  5.8
Fighting       | 3 5 6 |  6.7
Translocations | 2 4 5 |  5.8
Invocations    | 1 3 4 |  4.3
Evocations     | 1 2 3 |  3.8
Stealth        | |  1.7

Action                   |  1- 3 |  4- 6 |  7- 9 | 10-12 || total
-------------------------+-------+-------+-------+-------++-------
Melee: Unarmed           |    27 |       |       |       ||    27
       Tailslap          |     5 |     2 |    18 |    25 ||    50
       Halberd           |     5 |    36 |   168 |   156 ||   365
       Whip              |     1 |       |       |       ||     1
       Spear             |       |       |       |    76 ||    76
       Scimitar          |       |       |       |    29 ||    29
       Staff             |       |       |       |     2 ||     2
Throw: Stone             |       |       |       |     1 ||     1
 Cast: Foxfire           |    70 |    93 |   145 |   106 ||   414
       Sticky Flame      |       |       |    27 |    80 ||   107
       Fireball          |       |       |       |    19 ||    19
  Use: Potion            |       |     1 |     7 |       ||     8
       Scroll            |       |       |       |    11 ||    11
 Stab: Sleeping          |       |     1 |     3 |     1 ||     5
  Eat: Chunk             |     1 |     7 |    15 |    26 ||    49
       Ration            |       |       |     1 |       ||     1
Armor: Skin              |    12 |    19 |   134 |   140 ||   305
Dodge: Dodged            |    40 |    30 |   171 |   247 ||   488
       Rpst.: Scimitar   |       |       |       |     6 ||     6
